 Dungeon Crawl Stone Soup version 0.32-a0-933-ga8fa3634e4 (webtiles) character file.

Game seed: 5270000987739378241

11635 jasper the Cleaver (level 11, -3/74 HPs)
             Began as a Gargoyle Berserker on Apr 14, 2024.
             Was an Elder of Trog.
             Slain by a skeletal warrior
             ... wielding a +0 glaive
              (14 damage)
             ... on level 11 of the Dungeon.
             The game lasted 00:14:00 (9612 turns).

jasper the Cleaver (Gargoyle Berserker)             Turns: 9612, Time: 00:14:01

Health: -3/74      AC: 24    Str: 24    XL:     11   Next: 80%
Magic:  20/20      EV:  8    Int: 11    God:    Trog [****..]
Gold:   90         SH:  5    Dex: 13    Spells: 10/10 levels left

rFire   . . .        C - +0 battleaxe
rCold   + + .        (shield currently unavailable)
rNeg    + . .        d - +1 chain mail
rPois   ∞            O - +0 helmet
rElec   +            H - +1 cloak
rCorr   .            F - +0 pair of gloves
SInv    .            I - +0 pair of boots of the Okapi {MP+9 Str+3 Int+3}
Will    .....        E - amulet of reflection Stlth
                     v - +4 ring of slaying
HPRegen 0.32/turn    t - ring "Heumaafe" {Fly rC++}
MPRegen 0.17/turn

%: reflection
@: on berserk cooldown, flying, slowed, very slow
A: sickness immunity, AC +8, negative energy resistance 1, electricity
resistance, torment resistance 1, petrification resistance
a: Renounce Religion, Berserk, Trog's Hand, Brothers in Arms


You were on level 11 of the Dungeon.
You worshipped Trog.
Trog was greatly pleased with you.
You visited 2 branches of the dungeon, and saw 12 of its levels.

You collected 648 gold pieces.
You spent 558 gold pieces at shops.

Inventory:

Hand Weapons
 C - a +0 battleaxe (weapon)
 V - a +2 morningstar of flaming
Missiles
 g - 22 poisoned darts
 i - 100 stones
 j - 3 silver javelins
 q - 8 boomerangs (quivered)
 N - a throwing net
Armour
 b - a +0 animal skin
 c - a +0 leather armour
 d - a +1 chain mail (worn)
 F - a +0 pair of gloves (worn)
 H - a +1 cloak (worn)
 I - the +0 pair of boots of the Okapi (worn) {MP+9 Str+3 Int+3}
   (You bought it in a shop on level 8 of the Dungeon)

   Str+3:     It affects your strength (+3).
   Int+3:     It affects your intelligence (+3).
   MP+9:      It affects your magic capacity (+9).
 O - a +0 helmet (worn)
 U - a +1 cloak
Jewellery
 f - a ring of fire
 h - a ring of resist corrosion
 k - a ring of protection from cold
 p - a ring of see invisible
 s - a +6 ring of dexterity
 t - the ring "Heumaafe" (right hand) {Fly rC++}
   (You took it off a goblin on level 4 of the Dungeon)

   [ring of flight]

   rC++:      It greatly protects you from cold.
   Fly:       It grants you flight.
 v - a +4 ring of slaying (left hand)
 w - a +6 ring of intelligence
 E - an amulet of reflection (around neck)
 S - a ring of willpower
 T - a ring of willpower
 W - a +4 ring of slaying
Wands
 D - a wand of iceblast (11)
 L - a wand of light (5)
 P - a wand of paralysis (10)
 Y - a wand of digging (1)
Scrolls
 e - 2 scrolls of fear
 m - a scroll of fog
 n - a scroll of torment
 y - 3 scrolls of teleportation
 X - a scroll of revelation
Potions
 a - a potion of brilliance {unknown}
 l - 3 potions of berserk rage
 o - 3 potions of might
 u - 2 potions of ambrosia
 x - 2 potions of magic
 z - a potion of cancellation
 B - a potion of mutation
 G - a potion of attraction {unknown}
 K - a potion of invisibility {unknown}
 M - 2 potions of resistance {unknown}
 Q - 4 potions of curing
 R - 3 potions of enlightenment
 Z - a potion of heal wounds


   Skills:
 + Level 11.1 Fighting
 * Level 13.9 Axes
 - Level 4.9 Armour
 - Level 2.5 Dodging


You had 10 spell levels left.
You didn't know any spells.
Your spell library was empty.

Dungeon Overview and Level Annotations

Branches:
Dungeon (11/15)            Temple (0/1) D:7            Lair (1/5) D:9
    Orc (0/2) D:9

Altars:
Ashenzari
Cheibriados
Hepliaklqana
Kikubaaqudgha
Qazlal
Ru
Trog
Uskayaw
Vehumet
Wu Jian
Zin
The Shining One

Shops:
D:8 [   D:9 !   D:10 ?


Innate Abilities, Weirdness & Mutations

You are immune to sickness and miasma.
Your stone body is resilient. (AC +8)
You are immune to poison.
You resist negative energy. (rN+)
You are resistant to electric shocks. (rElec)
You are resistant to unholy torment.
You are immune to petrification.


Message History

* * * LOW HITPOINT WARNING * * *
The entropy weaver hits you but does no damage. x2
You block the entropy weaver's attack.
You take 3 damage, and have 29/111 hp.
You closely miss the entropy weaver.
The entropy weaver is heavily wounded.
A freezing wraith comes into view.
The skeletal warrior hits you from afar with a +0 glaive.
* * * LOW HITPOINT WARNING * * *
You block the entropy weaver's attack. The entropy weaver closely misses you.
The entropy weaver hits you!
* * * LOW HITPOINT WARNING * * *
The entropy weaver hits you but does no damage.
You take 11 damage, and have 18/111 hp.
You slash the entropy weaver!
The entropy weaver is severely wounded.
The entropy weaver hits you but does no damage.
The entropy weaver closely misses you.
The entropy weaver hits you but does no damage. x2
The skeletal warrior hits you from afar with a +0 glaive.
* * * LOW HITPOINT WARNING * * *
You take 5 damage, and have 13/111 hp.
You closely miss the entropy weaver.
The entropy weaver is severely wounded.
The entropy weaver hits you but does no damage.
The entropy weaver closely misses you.
The entropy weaver hits you but does no damage.
You block the entropy weaver's attack.
You feel a strong urge to attack something.
You are no longer berserk.
You are exhausted.
You feel yourself slow down.
You now have 10/74 hp.
Your skin stops crawling.
You feel less strong-willed.
As you read the scroll of fear, it crumbles to dust.
You assume a fearsome visage.
The entropy weaver looks frightened!
The skeletal warrior is unaffected.
The entropy weaver almost stumbles in trying to escape.
The skeletal warrior hits you from afar with a +0 glaive!
You die...

.....# ##.'.............#
.....###..#.............#
....)##..##.............# ###
......).###.........(...#...+
.....#### #.............'.#
###.## #.............### #.#
###########..## #.#
#####^.)...## ##.#
#.B).@..#...# #..#
###z###.#.#.# ##.## #.W)#
#.#.#.# ...# #.### #.#.#.#
##...^...# #.# #.#.#..
#.#####.. 'W# #.#(### #.#
.... ..#.. #.# ####. #.# #.#


J You could see an entropy weaver (fleeing), a skeletal warrior and a freezing
wraith.

Vanquished Creatures
  Gastronok (D:10)
  A boulder beetle (D:11)
  A two-headed ogre (D:10)
  2 centaur warriors (D:11)
  An ugly thing (D:11)
  A cyclops (D:9)
  Maurice (D:9)
  A gargoyle (D:11)
  Maggie (D:10)
  2 trolls
  A slime creature (D:11)
  16 yaks
  A steam dragon (D:9)
  A water moccasin (D:6)
  2 acid dragons
  2 ice beasts (D:6)
  A black bear (D:7)
  A sky beast (D:7)
  2 ogres
  The ghost of equiv the Slasher, an amateur DgGl (D:3)
  4 centaurs
  A kobold brigand (D:9)
  4 bullfrogs
  2 gnoll sergeants
  A scorpion (D:4)
  10 wights
  4 killer bees (D:9)
  3 howler monkeys
  3 jellies
  2 orc priests
  A gnoll bouda (D:9)
  5 iguanas
  2 sleepcaps (D:6)
  9 orc wizards
  10 adders
  14 gnolls
  2 hound simulacra (D:3)
  A white imp (D:5)
  2 ribbon worms (D:2)
  2 dart slugs
  3 adder simulacra (D:3)
  29 orcs
  7 bats
  9 endoplasms
  4 giant cockroaches
  6 hobgoblins
  3 jackals (D:1)
  11 kobolds
  4 quokkas
  11 ball pythons
  A ball python simulacrum (D:3)
  11 frilled lizards
  13 goblins
  5 rats
239 creatures vanquished.

Vanquished Creatures (collateral kills)
  A wight (D:6)
1 creature vanquished.

Grand Total: 240 creatures vanquished

Notes
Turn   | Place    | Note
-------+----------+-------------------------------------------
     0 | D:1      | jasper the Gargoyle Berserker began the quest for the Orb.
     0 | D:1      | Reached XP level 1. HP: 14/14 MP: 1/1
    57 | D:1      | Reached skill level 3 in Axes
    60 | D:1      | Reached XP level 2. HP: 13/19 MP: 2/2
   278 | D:1      | Reached XP level 3. HP: 24/24 MP: 3/3
   288 | D:1      | Reached ** piety under Trog
  1014 | D:2      | Reached XP level 4. HP: 25/29 MP: 4/4
  1641 | D:3      | Reached skill level 4 in Axes
  1780 | D:3      | Noticed equiv's ghost (amateur DgGl)
  1912 | D:3      | Found a runed translucent gate.
  1912 | D:3      | Found a runed translucent gate.
  1913 | D:3      | Found a runed translucent gate.
  1965 | D:3      | Reached *** piety under Trog
  1999 | D:3      | Reached XP level 5. HP: 26/33 MP: 5/5
  2063 | D:3      | Found a broken altar of Ashenzari.
  2551 | D:3      | Killed equiv's ghost
  2552 | D:3      | Reached skill level 5 in Axes
  2552 | D:3      | Reached XP level 6. HP: 15/38 MP: 6/6
  2828 | D:4      | Identified the ring "Heumaafe" {Fly rC++}
  3079 | D:4      | Noticed a yak
  3080 | D:4      | Noticed a yak
  3081 | D:4      | Noticed a yak
  3083 | D:4      | Noticed a yak
  3088 | D:4      | Killed a yak
  3089 | D:4      | Reached skill level 6 in Axes
  3089 | D:4      | Reached XP level 7. HP: 43/43 MP: 7/7
  3092 | D:4      | Killed a yak
  3098 | D:4      | Killed a yak
  3099 | D:4      | Reached skill level 7 in Axes
  3099 | D:4      | Reached XP level 8. HP: 48/48 MP: 8/8
  3109 | D:4      | Killed a yak
  3534 | D:5      | Entered Level 5 of the Dungeon
  3725 | D:5      | Reached **** piety under Trog
  4517 | D:6      | Reached skill level 8 in Axes
  4566 | D:6      | Found a sacrificial altar of Ru.
  4573 | D:6      | Reached skill level 5 in Fighting
  5312 | D:6      | Reached XP level 9. HP: 41/55 MP: 9/9
  5326 | D:6      | Reached skill level 9 in Axes
  5708 | D:7      | Found a bloodstained altar of Trog.
  6162 | D:7      | Noticed a troll
  6173 | D:7      | Killed a troll
  6371 | D:7      | Found a staircase to the Ecumenical Temple.
  6426 | D:7      | Reached skill level 10 in Axes
  6852 | D:8      | Found Qodud's Antique Armour Boutique.
  6892 | D:8      | Bought a pair of ichor-stained boots for 218 gold pieces
  6892 | D:8      | Identified the +0 pair of boots of the Okapi {MP+9 Str+3
                  | Int+3} (You bought it in a shop on level 8 of the Dungeon)
  7055 | D:8      | Reached XP level 10. HP: 53/64 MP: 10/10
  7486 | D:8      | Found a glowing golden altar of the Shining One.
  7607 | D:9      | Reached skill level 11 in Axes
  7715 | D:9      | Found Yrphevu's Distillery.
  7750 | D:9      | Bought 2 potions of curing for 66 gold pieces
  7750 | D:9      | Bought 2 potions of curing for 66 gold pieces
  7750 | D:9      | Bought 2 potions of enlightenment for 110 gold pieces
  7897 | D:9      | Found a staircase to the Lair.
  7897 | D:9      | Noticed Maurice
  7900 | D:9      | Paralysed by Maurice for 3 turns
  7917 | D:9      | Maurice stole a ring of see invisible
  7918 | D:9      | Killed Maurice
  8061 | D:9      | Found a staircase to the Orcish Mines.
  8302 | D:9      | Found a radiant altar of Vehumet.
  8368 | D:9      | Found a hide-covered altar of Uskayaw.
  8370 | D:9      | Found a hazy altar of Hepliaklqana.
  8373 | D:9      | Found a stormy altar of Qazlal.
  8525 | D:9      | Reached skill level 12 in Axes
  8653 | D:9      | Reached ***** piety under Trog
  8656 | D:9      | Noticed a cyclops
  8662 | D:9      | Killed a cyclops
  8731 | Lair:1   | Entered Level 1 of the Lair of Beasts
  8766 | D:10     | Entered Level 10 of the Dungeon
  8769 | D:10     | Noticed Maggie
  8778 | D:10     | Killed Maggie
  8801 | D:10     | Found Lonuuh's Magic Scroll Shoppe.
  8813 | D:10     | Found a glowing silver altar of Zin.
  8815 | D:10     | Found a snail-covered altar of Cheibriados.
  8819 | D:10     | Found an ancient bone altar of Kikubaaqudgha.
  8834 | D:10     | Found an ornate altar of the Wu Jian Council.
  8896 | D:10     | Reached XP level 11. HP: 71/72 MP: 11/11
  8912 | D:10     | Reached skill level 10 in Fighting
  8966 | D:10     | Noticed a two-headed ogre
  8973 | D:10     | Killed a two-headed ogre
  9090 | D:10     | Bought a scroll of fear for 56 gold pieces
  9090 | D:10     | Bought a scroll of teleportation for 42 gold pieces
  9111 | D:10     | Noticed Gastronok
  9126 | D:10     | Killed Gastronok
  9127 | D:10     | Reached skill level 13 in Axes
  9454 | D:11     | Noticed a brown ugly thing
  9472 | D:11     | Killed a brown ugly thing
  9544 | D:11     | Noticed a centaur warrior
  9544 | D:11     | Noticed a white ugly thing
  9556 | D:11     | Noticed a centaur warrior
  9566 | D:11     | Killed a centaur warrior
  9568 | D:11     | Noticed a boulder beetle
  9569 | D:11     | Killed a centaur warrior
  9595 | D:11     | Killed a boulder beetle
  9598 | D:11     | Noticed an entropy weaver
  9599 | D:11     | Noticed a skeletal warrior
  9612 | D:11     | Slain by a skeletal warrior

Illustrated notes

Levels and vault maps discovered:
D:1:      dpeg_arrival_stonehenge_8_columns, layout_loops_ring,
          minmay_lizard_king
D:2:      layout_loops_ring
D:3:      layout_loops_cross, lemuel_crystal_altar, gammafunk_ghost_icy
D:4:      layout_loops_ring, minmay_starry_boxes
D:5:      layout_loops_cross, kennysheep_boxes
D:6:      layout_basic, nicolae_ru_sacrificial_ziggurat
D:7:      layout_loops_corners, trog_book, minmay_temple_entry_offerings
D:8:      layout_gridville, lemuel_crystal_altar, serial_shops,
          nicolae_stop_n_shop_2, minivault_1
D:9:      layout_roguey, minitemple, fiery_altar_vehumet, lair_entry_dummy,
          orc_0_dummy, serial_shops, nicolae_shop_tiny_glass, grunt_ogre_cave,
          uniq_maurice
D:10:     layout_cave_pools, lemuel_tele_altar, grunt_temple_overflow_open,
          serial_shops, shop, uniq_gastronok, uniq_maggie
D:11:     layout_roguey, serial_shops, nicolae_shop_just_a_little_nook,
          minivault_28
Lair:1:   layout_cave_pods, uniq_erica

Skill      XL: |  1  2  3  4  5  6  7  8  9 10 11 |
---------------+----------------------------------+-----
Axes           | 3 4 5 6 7 8 10 12 13 | 13.9
Fighting       | 4 5 7 9 11 | 11.1
Dodging        | 2 |  2.5
Armour         | 3 4 |  4.9

Action                     |  1- 3 |  4- 6 |  7- 9 | 10-12 || total
---------------------------+-------+-------+-------+-------++-------
  Melee: Hand axe          |   146 |   240 |   249 |       ||   635
         War axe           |       |       |    50 |   196 ||   246
         Battleaxe         |       |       |       |    62 ||    62
  Throw: Javelin           |       |     6 |       |       ||     6
         Boomerang         |       |       |       |     6 ||     6
 Invoke: Trog's Hand       |       |     5 |     1 |     4 ||    10
         Berserk           |       |     2 |     4 |     6 ||    12
         Brothers in Arms  |       |       |     1 |       ||     1
  Evoke: Wand              |       |       |       |     3 ||     3
    Use: Scroll            |     2 |     8 |     7 |     3 ||    20
         Potion            |       |     3 |       |       ||     3
   Stab: Sleeping          |     1 |       |       |       ||     1
         Distracted        |       |     1 |       |       ||     1
         Invisible         |       |       |       |     4 ||     4
 Armour: Animal skin       |    30 |       |       |       ||    30
         Leather armour    |     3 |       |       |       ||     3
         Chain mail        |    61 |   212 |   245 |   235 ||   753
  Dodge: Dodged            |    56 |    84 |    99 |   101 ||   340
  Block: Other             |       |       |       |    38 ||    38
         Reflection        |       |       |       |     1 ||     1

Table legend: (Time is in decaauts)
 A = Elapsed time spent in this place.
 B = Non-inter-level travel time spent in this place.
 C = Inter-level travel time spent in this place.
 D = Time resting spent in this place.
 E = Time spent auto-exploring this place.
 F = Levels seen in this place.
 G = Mean time per level.
                   A        B        C        D        E       F      G
               +--------+--------+--------+--------+--------+-----+--------+
         Total |   9702 |   9404 |    298 |    936 |   6394 |  12 |  808.5 |
       Dungeon |   9700 |   9402 |    298 |    936 |   6394 |  11 |  881.8 |
          Lair |      1 |      1 |      0 |      0 |      0 |   1 |    1.0 |
               +--------+--------+--------+--------+--------+-----+--------+

Top non-repeatable levels by time:
     D:6: 1252 daAuts
     D:9: 1235 daAuts
     D:7: 1179 daAuts
     D:3: 1013 daAuts
     D:4: 916 daAuts
     D:2: 880 daAuts
     D:5: 872 daAuts
     D:1: 772 daAuts
     D:8: 696 daAuts
    D:10: 581 daAuts
    D:11: 299 daAuts
  Lair:1: 1 daAuts
